 Dungeon Crawl Stone Soup version 0.29-a0-284-gf9362112df (webtiles) character file.

Game seed: 9787046023028376257

44 bande the Covered (level 3, -8/23 HPs)
             Began as a Gargoyle Fighter on Mar 24, 2022.
             Mangled by Sigmund
             ... wielding a +5 scythe of venom
              (13 damage)
             ... on level 2 of the Dungeon.
             The game lasted 00:02:00 (1563 turns).

bande the Covered (Gargoyle Fighter)                Turns: 1563, Time: 00:02:00

Health: -8/23      AC: 12    Str: 19    XL:     3   Next: 62%
Magic:  3/3        EV:  9    Int:  8    God:
Gold:   101        SH:  0    Dex: 11    Spells: 2/2 levels left

rFire   . . .      SeeInvis .   a - +0 war axe
rCold   . . .      Faith    .   c - +0 buckler
rNeg    + . .      Spirit   .   b - +0 scale mail
rPois   ∞          Reflect  .   g - +1 helmet
rElec   +          Harm     .   (no cloak)
rCorr   .          Rampage  .   (no gloves)
Will    .....                   (no boots)
Stlth   ..........              (no amulet)
HPRegen 0.07/turn               (no ring)
MPRegen 0.08/turn               (no ring)

@: confused, mighty
A: sickness immunity, AC +3, negative energy resistance 1, electricity
resistance, torment resistance 1, petrification resistance
a: no special abilities


You were on level 2 of the Dungeon.
You visited 1 branch of the dungeon, and saw 2 of its levels.

You collected 101 gold pieces.

Inventory:

Hand Weapons
 a - a +0 war axe (weapon)
 i - a +0 war axe
Armour
 b - a +0 scale mail (worn)
 c - a +0 buckler (worn)
 g - a +1 helmet (worn)
Potions
 e - a potion of heal wounds
 f - a potion of cancellation {unknown}
 h - a potion of curing {unknown}
 j - a potion of haste {unknown}


   Skills:
 + Level 3.5 Fighting
 + Level 2.4 Axes
 + Level 3.9 Armour
 + Level 3.7 Shields


You had 2 spell levels left.
You didn't know any spells.
Your spell library was empty.

Dungeon Overview and Level Annotations

Branches:
Dungeon (2/15)

Altars:

Annotations:
D:2 Sigmund


Innate Abilities, Weirdness & Mutations

You are immune to sickness and miasma.
Your stone body is resilient. (AC +3)
You are immune to poison.
You resist negative energy. (rN+)
You are resistant to electric shocks. (rElec)
You are resistant to unholy torment.
You are immune to petrification.


Message History

Sigmund's spells are empowered!
Sigmund gestures at you while chanting. The puff of flame hits you!
You closely miss Sigmund.
Sigmund hits you with a +5 scythe of venom.
Sigmund attacks as you move away! Sigmund barely misses you.
Sigmund gestures at you while chanting.
You are more confused.
Sigmund casts a spell.
Sigmund flickers and vanishes!
Deactivating autopickup; reactivate with Ctrl-A.
You bump into the rock wall.
A puff of flame appears from out of thin air!
The puff of flame hits you.
You see here a rat corpse.
You hear some strange, mumbled words.
You are more confused.
You feel much better.
You hear some strange, mumbled words.
Something tries to affect you, but you resist.
Something hits you.
You see here a rat corpse.
You bump into the rock wall.
You hear some strange, mumbled words.
Something tries to affect you, but you resist.
Something hits you. Something hits you but does no damage.
A quokka comes into view.
You feel less confused. Something hits you!
You closely miss something.
You hear some strange, mumbled words.
You are confused.
You completely miss something. Something hits you!
* * * LOW HITPOINT WARNING * * *
You hear some strange, mumbled words.
Something tries to affect you, but you resist.
Something hits you!
Ouch! That really hurt!
You die...

.####.##.....# ********* *,***
.##...##.##.## *,,,,,,,****,***
.........##.######,.#***,,,,,,,,,
....>.......##...,,..,,,,****,**,
##.....######...,,,.###*,* *,**,
##...## #..#**,...,,,* *,,,,
#...# #..# *,..,,,,* ****,
#...#######..####.#***** *,,
#.........#...@.#.######** *,,
###....###.....†..........,* *,,
<.............##..#.##....,* ***
..............##r.#...,,,.,* *
.............###..####..,,,* *
###.>..###..#......,,,,...,* *
#...............#.,***##** *
#...#######.#.#.#..* * #...#
#.#...#,.# *


You could see a quokka.

Vanquished Creatures
  An adder (D:2)
  2 dart slugs
  A ball python (D:1)
  A giant cockroach (D:1)
  2 goblins
  7 hobgoblins
  4 jackals
  3 bats (D:1)
  2 frilled lizards (D:1)
  3 kobolds
  3 rats
29 creatures vanquished.

Notes
Turn   | Place    | Note
-------+----------+-------------------------------------------
     0 | D:1      | bande the Gargoyle Fighter began the quest for the Orb.
     0 | D:1      | Reached XP level 1. HP: 14/14 MP: 1/1
   259 | D:1      | Reached XP level 2. HP: 9/19 MP: 2/2
   837 | D:1      | You fall into a shaft and drop 1 floor!
   945 | D:1      | Reached XP level 3. HP: 19/23 MP: 3/3
  1540 | D:2      | Noticed Sigmund
  1563 | D:2      | Mangled by Sigmund

Illustrated notes

Levels and vault maps discovered:
D:1:      ncdulo_halloftheorcs, layout_rooms
D:2:      layout_loops_cross, uniq_sigmund, uniq_robin, uniq_jessica

Skill      XL: |  1  2 |
---------------+-------+-----
Axes           | 2 |  2.4
Fighting       | |  3.5
Armour         | |  3.9
Shields        | |  3.7

Action                   || total
-------------------------++-------
Melee: War axe           ||   101
  Use: Scroll            ||     5
       Potion            ||     2
Armor: Scale mail        ||    71
Dodge: Dodged            ||    58
Block: Buckler           ||    24

Table legend: (Time is in decaauts)
 A = Elapsed time spent in this place.
 B = Non-inter-level travel time spent in this place.
 C = Inter-level travel time spent in this place.
 D = Time resting spent in this place.
 E = Time spent auto-exploring this place.
 F = Levels seen in this place.
 G = Mean time per level.
                   A        B        C        D        E       F      G
               +--------+--------+--------+--------+--------+-----+--------+
         Total |   1608 |   1608 |      0 |    262 |   1032 |   2 |  804.0 |
       Dungeon |   1608 |   1608 |      0 |    262 |   1032 |   2 |  804.0 |
               +--------+--------+--------+--------+--------+-----+--------+

Top non-repeatable levels by time:
     D:1: 1130 daAuts
     D:2: 478 daAuts
